 Dungeon Crawl Stone Soup version 0.30-a0-393-g54b8e3be05 (webtiles) character file.

Game seed: 6876909462183981405

24304 p00ps00p the Cleaver (level 13, -5/113 (122) HPs)
             Began as a Hill Orc Fighter on Dec 6, 2022.
             Was an Initiate of Gozag.
             Slain by an orc high priest
             ... wielding a +0 morningstar
              (22 damage)
             ... on level 2 of the Orcish Mines.
             The game lasted 00:27:06 (14438 turns).

p00ps00p the Cleaver (Hill Orc Fighter)            Turns: 14438, Time: 00:27:06

HP:   -5/113 (122)  AC: 16    Str: 30    XL:     13   Next: 12%
MP:   13/13         EV:  7    Int: 14    God:    Gozag
Gold: 851           SH: 18    Dex: 10    Spells: 12/12 levels left

rFire   . . .      SeeInvis .    l - +0 broad axe (drain)
rCold   . . .      Faith    .    m - +2 kite shield
rNeg    . . .      Spirit   .    o - +1 plate armour
rPois   +          Reflect  +    u - +1 helmet "Ygirei" {Harm Rampage rElec rPois}
rElec   +          Harm     +    (no cloak)
rCorr   .          Rampage  +    d - +0 pair of gloves
Will    .....                    (no boots)
Stlth   ..........               w - amulet of reflection
HPRegen 0.38/turn                A - +6 ring of intelligence
MPRegen 0.13/turn                B - +6 ring of strength

@: about to teleport, corroded, gold aura, studying Air Magic, drained
A: no striking features
a: Renounce Religion, Convert to Beogh, Potion Petition, Call Merchant, Bribe
Branch


You were on level 2 of the Orcish Mines.
You worshipped Gozag.
Gozag was pleased with you.
You visited 3 branches of the dungeon, and saw 15 of its levels.

You collected 3970 gold pieces.
You spent 1682 gold pieces at shops.
You paid 1437 gold pieces to Gozag.

Inventory:

Hand Weapons
 a - a +1 spectral war axe
 l - a +0 broad axe of draining (weapon)
 r - a +1 hand axe of flaming
 s - the +9 sling of Invincibility {flame, rElec Will+++ Int-3 SInv}
   (You found it on level 6 of the Dungeon)

   Any ammunition fired from it burns those it strikes, dealing additional fire
   damage.
   Int:       It affects your intelligence (-3).
   rElec:     It insulates you from electricity.
   SInv:      It lets you see invisible.
   Will:      It greatly increases your willpower.
Armour
 d - a +0 pair of gloves (worn)
 m - a +2 kite shield (worn)
 o - a +1 plate armour (worn)
 u - the +1 helmet "Ygirei" (worn) {Harm Rampage rElec rPois}
   (You bought it in a shop on level 7 of the Dungeon)

   rElec:     It insulates you from electricity.
   rPois:     It protects you from poison.
   Harm:      It increases damage dealt and taken.
   Rampage:   It bestows one free step when moving towards enemies.
Jewellery
 w - an amulet of reflection (around neck)
 A - a +6 ring of intelligence (left hand)
 B - a +6 ring of strength (right hand)
Wands
 f - a wand of polymorph (6)
 q - a wand of charming (2)
 v - a wand of flame (8)
Scrolls
 c - a scroll of identify
 e - 5 scrolls of poison
 h - a scroll of brand weapon
 i - 8 scrolls of teleportation
 j - a scroll of amnesia
 k - 5 scrolls of butterflies
Potions
 b - 3 potions of curing
 g - 2 potions of haste
 n - 3 potions of mutation
 t - a potion of might


   Skills:
 + Level 13.5 Fighting
 + Level 14.4 Axes
 + Level 12.4 Armour
 + Level 12.4 Shields


You had 12 spell levels left.
You didn't know any spells.
Your spell library contained the following spells:

 Spells                   Type           Power      Damage    Failure   Level
 Dazzling Flash           Conj/Hex       0%         N/A       100%        3
 Hailstorm                Conj/Ice       0%         3d3       100%        3
 Inner Flame              Hex/Fire       0%         N/A       100%        3
 Kindle Blastsparks       Fire/Tloc/Air  0%         2d10      100%        3
 Cause Fear               Hex            0%         N/A       100%        4
 Fulminant Prism          Conj/Hex       0%         3d5       100%        4
 Iskenderun's Mystic Bla  Conj/Tloc      0%         2d3       100%        4
 Borgnjor's Vile Clutch   Necr/Erth      0%         N/A       100%        5
 Freezing Cloud           Conj/Ice/Air   0%         6-21      100%        5
 Lee's Rapid Deconstruct  Erth           0%         3d4*      100%        5
 Death Channel            Necr           0%         N/A       100%        6
 Discord                  Hex            0%         N/A       100%        8
 Animate Dead             Necr           Unusable   N/A       N/A         4

Dungeon Overview and Level Annotations

Branches:
Dungeon (12/15)            Temple (1/1) D:4            Lair (0/5) D:8
    Orc (2/2) D:10            Elf (0/3) Orc:2

Altars:
Ashenzari
Cheibriados
Dithmenos
Elyvilon
Fedhas
Gozag
Hepliaklqana
Kikubaaqudgha
Makhleb
Nemelex Xobeh
Okawaru
Qazlal
Ru
Sif Muna
Trog
Uskayaw
Vehumet
Wu Jian
Xom
Yredelemnul
Zin
The Shining One

Shops:
D:7 [   D:10 =   D:11 :   Orc:1 *

Annotations:
D:11 2 transporters
Orc:2 2 transporters, GiantSquids's ghost, journeyman MfBe


Message History

The orc warrior hits you from afar with a +0 trident!
* * * LOW HITPOINT WARNING * * *
The orc sorcerer casts a spell.
You block the orc high priest's attack.
The orc warrior shouts!
As you read the scroll of teleportation, it crumbles to dust.
You feel strangely unstable.
The rust devil disappears in a puff of smoke!
You block the ice devil's attack. You block the neqoxec's attack.
The orc high priest invokes the aid of Beogh against you.
You resist with significant effort.
The orc warrior hits you but does no damage.
The orc high priest barely misses you.
The orc knight roars a battlecry!
The orc high priest goes into a battle-frenzy!
The orc is distracted by your dazzling golden aura.
The orc warrior hits you but does no damage.
The orc shouts!
You feel better.
The ice devil hits you but does no damage.
The neqoxec hits you but does no damage.
The orc high priest hits you but does no damage.
Space warps horribly around you!
* * * LOW HITPOINT WARNING * * *
You block the orc knight's attack.
The orc warrior is distracted by your dazzling golden aura.
The orc high priest starts to sing a prayer.
The orc high priest prays to Beogh.
An orc warrior comes into view. It is wielding a +0 scimitar.
The orc warrior hits you from afar with a +0 trident!
* * * LOW HITPOINT WARNING * * *
The orc priest begins to cast a cantrip, but forgets the words!
The orc priest threatens, "By the altar or by the axe, you will meet Beogh!"
You feel better.
The orc warrior is no longer distracted by gold. x2
You block the ice devil's attack. You block the neqoxec's attack.
The orc warrior closely misses you. You block the orc warrior's attack.
The orc high priest hits you with a +0 morningstar!!
You die...
Your body crumbles into a pile of gold.

##...#...........#...##
......#...............#
.....................##
.....................############
........................#.##.#.#.
......).....o....................
....)....oo.....4.........#....#.
...............o33.............##
..............oo@4............###
...............oooo............#)
................3.o............[#
............................##...
................................#
...............................##
..........................#...##
...........................#.##
...........###################


You could see an orc knight, 2 orc high priests, a hellwing (summoned), an ice
devil (summoned), 2 neqoxecs, a ynoxinul (summoned), an orc sorcerer (strong), 4
orc warriors, an orc priest (strong) and 2 orcs.

Vanquished Creatures
  An orc warlord (Orc:2)
  Azrael (D:12)
  Snorg (D:12)
  2 boulder beetles
  5 two-headed ogres
  An orc high priest (Orc:2)
  Amaemon (D:9)
  Pikel (D:7)
  2 orc sorcerers
  An orc knight (Orc:2)
  A cyclops (Orc:1)
  An ugly thing (D:11)
  An orange demon (D:9)
  A gargoyle (D:12)
  A komodo dragon (D:8)
  2 kobold demonologists (D:12)
  Maggie (D:7)
  A polar bear (D:11)
  5 trolls
  Prince Ribbit (D:5)
  3 centaur simulacra (D:11)
  A vampire (D:9)
  A wraith (D:12)
  11 yaks
  3 wyverns
  3 fire elementals (D:12)
  A steam dragon (D:8)
  Edmund (D:6)
  5 wargs
  An acid dragon (D:10)
  2 water moccasins (D:8)
  4 hell hounds (D:12)
  15 orc warriors
  4 ice beasts
  Duvessa (D:7)
  4 black bears
  6 ogres
  5 centaurs
  A wolf (D:11)
  A lemure (D:7)
  5 kobold brigands
  A phantom (D:6)
  Blork the orc (D:6)
  4 bullfrogs
  2 necrophages
  2 scorpions
  3 wights (D:6)
  Dowan (D:7)
  10 killer bees
  2 howler monkeys (D:11)
  5 electric eels
  18 orc priests
  2 hounds (D:5)
  5 jellies
  5 iguanas
  25 orc wizards
  7 adders
  A shadow imp (D:6)
  3 white imps (D:11)
  2 worms
  71 orcs
  2 ball pythons
  6 endoplasms
  A giant cockroach (D:4)
  8 goblins
  4 hobgoblins
  4 jackals (D:3)
  5 quokkas
  6 bats
  3 frilled lizards
  24 kobolds
  7 rats
  A bush (D:1)
350 creatures vanquished.

Vanquished Creatures (others)
  2 orcs
  A kobold (D:12)
  17 fungi (D:8)
  24 plants
44 creatures vanquished.

Grand Total: 394 creatures vanquished

Notes
Turn   | Place    | Note
-------+----------+-------------------------------------------
     0 | D:1      | p00ps00p the Hill Orc Fighter began the quest for the Orb.
     0 | D:1      | Reached XP level 1. HP: 19/19 MP: 1/1
    14 | D:1      | Noticed an electric eel
    80 | D:1      | Reached XP level 2. HP: 27/27 MP: 2/2
   116 | D:1      | Reached skill level 3 in Axes
   882 | D:2      | Reached XP level 3. HP: 32/33 MP: 3/3
  1666 | D:3      | Reached XP level 4. HP: 39/40 MP: 4/4
  2189 | D:3      | Found an iron altar of Okawaru.
  2189 | D:3      | Found a shimmering blue altar of Sif Muna.
  2189 | D:3      | Found a basalt altar of Yredelemnul.
  2189 | D:3      | Found a sacrificial altar of Ru.
  2209 | D:3      | Found a glowing golden altar of the Shining One.
  2209 | D:3      | Found a snail-covered altar of Cheibriados.
  2426 | D:4      | Found a staircase to the Ecumenical Temple.
  2634 | Temple   | Entered the Ecumenical Temple
  2684 | Temple   | Became a worshipper of Gozag Ym Sagoz the Greedy
  2697 | D:4      | Identified a scroll of acquirement
  2697 | D:4      | Acquired 473 gold pieces
  2763 | D:4      | Reached skill level 4 in Axes
  2763 | D:4      | Reached XP level 5. HP: 47/47 MP: 5/5
  2894 | D:4      | Reached skill level 5 in Fighting
  2894 | D:4      | Reached XP level 6. HP: 45/56 MP: 6/6
  3089 | D:5      | Entered Level 5 of the Dungeon
  3202 | D:5      | Noticed Prince Ribbit
  3214 | D:5      | Killed Prince Ribbit
  3215 | D:5      | Reached skill level 5 in Axes
  3215 | D:5      | Reached skill level 5 in Armour
  3215 | D:5      | Reached skill level 5 in Shields
  3215 | D:5      | Reached XP level 7. HP: 36/62 MP: 7/7
  3604 | D:5      | Got the Catalogue of Kinetic Darkness
  3622 | D:5      | Reached skill level 6 in Axes
  4036 | D:6      | Reached XP level 8. HP: 68/71 MP: 8/8
  4462 | D:6      | Reached skill level 7 in Axes
  4498 | D:6      | Found a bloodstained altar of Trog.
  4561 | D:6      | Reached XP level 9. HP: 76/79 MP: 9/9
  4585 | D:6      | Noticed Edmund
  4612 | D:6      | Killed Edmund
  4755 | D:6      | Reached skill level 8 in Axes
  4758 | D:6      | Identified the +9 sling of Invincibility {flame, rElec
                  | Will+++ Int-3 SInv}
  4995 | D:6      | Noticed Blork the orc
  4997 | D:6      | Killed Blork the orc
  5198 | D:7      | Noticed Maggie
  5217 | D:7      | HP: 4/81 [Maggie/bolt of fire (22)]
  5218 | D:7      | Killed Maggie
  5472 | D:7      | Noticed Pikel
  5479 | D:7      | Killed Pikel
  5480 | D:7      | Reached skill level 9 in Axes
  5758 | D:7      | Noticed Dowan
  5764 | D:7      | Noticed Duvessa
  5765 | D:7      | Killed Dowan
  5787 | D:7      | Killed Duvessa
  6070 | D:7      | Reached XP level 10. HP: 81/91 MP: 10/10
  6302 | D:7      | Bought a pitted helmet for 256 gold pieces
  6302 | D:7      | Identified the +1 helmet "Ygirei" {Harm Rampage rElec
                  | rPois} (You bought it in a shop on level 7 of the Dungeon)
  6302 | D:7      | Bought a shiny buckler for 202 gold pieces
  6470 | D:8      | Identified the +3 scale mail of Leapfrog {+Inv rCorr Int-2}
  6497 | D:8      | Reached skill level 10 in Axes
  6791 | D:8      | Found a staircase to the Lair.
  7164 | D:9      | Reached skill level 10 in Fighting
  7344 | D:9      | Noticed an orange demon
  7344 | D:9      | Noticed Amaemon
  7347 | D:9      | Killed an orange demon
  7351 | D:9      | Killed Amaemon
  7724 | D:9      | Reached skill level 11 in Axes
  7744 | D:9      | Reached XP level 11. HP: 101/101 MP: 11/11
  8287 | D:10     | Entered Level 10 of the Dungeon
  8289 | D:10     | Found a staircase to the Orcish Mines.
  8290 | D:10     | Noticed a two-headed ogre
  8323 | D:9      | Reached skill level 10 in Armour
  8326 | D:9      | Reached skill level 10 in Shields
  8519 | D:10     | Killed a two-headed ogre
  8608 | Orc:1    | Entered Level 1 of the Orcish Mines
  8719 | Orc:1    | Noticed a cyclops
  8741 | Orc:1    | Killed a cyclops
  8801 | Orc:1    | Found Coepro Muuv's Gadget Gallery.
  8994 | Orc:2    | Entered Level 2 of the Orcish Mines
  9004 | Orc:1    | Noticed an orc knight
  9004 | Orc:1    | Noticed an orc sorcerer
  9004 | Orc:1    | Noticed an orc sorcerer
  9071 | Orc:1    | Noticed a soul eater
  9088 | Orc:2    | Killed an orc knight
  9089 | Orc:2    | Reached skill level 12 in Axes
  9092 | Orc:2    | Killed an orc sorcerer
  9560 | Orc:1    | Killed an orc sorcerer
  9705 | Orc:2    | Found a transporter.
  9714 | Orc:2    | Noticed GiantSquids's ghost (journeyman MfBe)
  9802 | Orc:2    | Found a transporter.
 10047 | Orc:2    | Found a burning altar of Makhleb.
 10116 | Orc:2    | Found a radiant altar of Vehumet.
 10116 | Orc:2    | Noticed an orc warlord
 10143 | Orc:2    | Killed an orc warlord
 10445 | Orc:2    | Found a staircase to the Elven Halls.
 10564 | Orc:2    | Reached XP level 12. HP: 99/112 MP: 12/12
 10720 | D:10     | Noticed a two-headed ogre
 10722 | D:10     | Killed a two-headed ogre
 10872 | D:10     | Found a shadowy altar of Dithmenos.
 11273 | D:10     | Bought a +6 ring of intelligence for 612 gold pieces
 11273 | D:10     | Bought a +6 ring of strength for 612 gold pieces
 11333 | D:11     | Noticed a two-headed ogre
 11337 | D:11     | Killed a two-headed ogre
 11383 | D:11     | Reached skill level 13 in Axes
 11538 | D:11     | Found Bigunid's Book Shop.
 11840 | D:11     | Noticed a boulder beetle
 11850 | D:11     | Killed a boulder beetle
 12033 | D:11     | Found a transporter.
 12146 | D:11     | Found a transporter.
 12210 | D:11     | Found a glowing silver altar of Zin.
 12324 | D:12     | Noticed a two-headed ogre
 12330 | D:12     | Killed a two-headed ogre
 12482 | D:12     | Noticed Azrael
 12498 | D:12     | Killed Azrael
 12536 | D:12     | HP: 3/115 [smoke demon/divine providence[a kobold
                  | demonologist] (16)]
 13036 | D:12     | Noticed a boulder beetle
 13054 | D:12     | Killed a boulder beetle
 13055 | D:12     | Reached skill level 14 in Axes
 13192 | D:12     | Noticed Snorg
 13200 | D:12     | Killed Snorg
 13343 | D:12     | Noticed a two-headed ogre
 13348 | D:12     | Killed a two-headed ogre
 13349 | D:12     | Reached XP level 13. HP: 122/122 MP: 13/13
 14438 | Orc:2    | Slain by an orc high priest

Illustrated notes

Levels and vault maps discovered:
D:1:      arrival_aquarium_a, layout_basic, serial_forest,
          infiniplex_forest_straight_1, infiniplex_forest_lined_room_,
          infiniplex_forest_straight_4, infiniplex_forest_lined_room_3,
          infiniplex_forest_end_2, infiniplex_forest_lined_3,
          infiniplex_forest_clump_long, infiniplex_forest_corner_2,
          infiniplex_forest_fountain
D:2:      layout_loops_ring, grunt_ministairs_7
D:3:      layout_loops_ring, minmay_overflow_temple_hex
D:4:      layout_cave_pools, minmay_temple_entry_tees, kennysheep_generic_room_2
D:5:      layout_loops_cross, uniq_prince_ribbit1
D:6:      layout_rooms, mainiacjoe_overflow_tiny_flanked, hex_large,
          minmay_manual_mares, uniq_blork_the_orc, uniq_edmund
D:7:      layout_loops_cross, uniq_maggie, uniq_duvessa, uniq_pikel
D:8:      layout_basic, due_lair_maze_entry_diamond, minivault_14
D:9:      layout_roguey, uniq_amaemon
D:10:     layout_rooms, grunt_dithmenos_smoke, minmay_orc_entry_guard_dogs,
          minmay_variable_closet
D:11:     gammafunk_cloud_chamber, layout_basic, serial_ice, serial_ice_n,
          serial_ice_c, serial_ice_m, serial_ice_f, serial_ice_a, serial_ice_i,
          serial_ice_d, serial_ice_e, serial_shops, shop, zin_statuary
D:12:     layout_irregular_city, uniq_azrael, uniq_snorg
Temple:   nicolae_temple_ecumenical_triangle
Orc:1:    layout_caves, nicolae_shop_gadgets
Orc:2:    st_orc_congregation, layout_caves, gammafunk_ghost_arena,
          hangedman_feature_mirror

Skill      XL: |  1  2  3  4  5  6  7  8  9 10 11 12 |
---------------+-------------------------------------+-----
Axes           | 3 4 5 6 7 9 11 12 14 | 14.4
Fighting       | 4 5 6 7 9 10 11 13 | 13.5
Shields        | 4 5 6 8 9 10 12 | 12.4
Armour         | 4 5 6 8 9 10 12 | 12.4

Action                   |  1- 3 |  4- 6 |  7- 9 | 10-12 | 13-15 || total
-------------------------+-------+-------+-------+-------+-------++-------
Melee: War axe           |   147 |    73 |   175 |   390 |    38 ||   823
       Broad axe         |       |       |       |       |    11 ||    11
 Fire: Sling             |       |       |    15 |       |       ||    15
Invok: Call Merchant     |       |       |       |     2 |       ||     2
Evoke: Wand              |       |       |       |    13 |       ||    13
  Use: Scroll            |     3 |    10 |     5 |     6 |     3 ||    27
       Potion            |       |       |     5 |     5 |     2 ||    12
 Stab: Distracted        |       |       |       |     6 |       ||     6
Armor: Scale mail        |    46 |    18 |       |       |       ||    64
       Plate armour      |       |    14 |   107 |   139 |    18 ||   278
Dodge: Dodged            |    46 |    23 |    46 |    70 |     9 ||   194
Block: Buckler           |    17 |    14 |    41 |   122 |       ||   194
       Reflection        |       |       |       |    13 |     2 ||    15
       Kite shield       |       |       |       |   102 |    42 ||   144

Table legend: (Time is in decaauts)
 A = Elapsed time spent in this place.
 B = Non-inter-level travel time spent in this place.
 C = Inter-level travel time spent in this place.
 D = Time resting spent in this place.
 E = Time spent auto-exploring this place.
 F = Levels seen in this place.
 G = Mean time per level.
                   A        B        C        D        E       F      G
               +--------+--------+--------+--------+--------+-----+--------+
         Total |  14517 |  13972 |    545 |   2307 |   8586 |  15 |  967.8 |
       Dungeon |  11697 |  11222 |    475 |   1498 |   7844 |  12 |  974.8 |
        Temple |     59 |     50 |      9 |      0 |     23 |   1 |   59.0 |
  Orcish Mines |   2759 |   2699 |     60 |    809 |    718 |   2 | 1379.5 |
               +--------+--------+--------+--------+--------+-----+--------+

Top non-repeatable levels by time:
   Orc:2: 2117 daAuts
     D:9: 1426 daAuts
    D:11: 1397 daAuts
     D:7: 1184 daAuts
     D:6: 1139 daAuts
    D:12: 1041 daAuts
     D:5: 879 daAuts
     D:1: 876 daAuts
     D:3: 822 daAuts
     D:2: 776 daAuts
    D:10: 734 daAuts
     D:8: 731 daAuts
     D:4: 687 daAuts
   Orc:1: 642 daAuts
  Temple: 59 daAuts
